 Dungeon Crawl Stone Soup version 0.28-a0-811-g00180f5fcc (webtiles) character file.

Game seed: 17729846859031324023

6 Decritt the Skirmisher (level 1, 0/14 HPs)
             Began as a Gargoyle Fighter on Nov 8, 2021.
             Slain by a jackal (2 damage)
             ... on level 1 of the Dungeon.
             The game lasted 00:00:49 (78 turns).

Decritt the Skirmisher (Gargoyle Fighter)             Turns: 78, Time: 00:00:50

Health: 0/14       AC:  9    Str: 19    XL:     1   Next: 90%
Magic:  1/1        EV:  9    Int:  8    God:
Gold:   0          SH:  4    Dex:  9    Spells: 0/0 levels left

rFire   . . .      SeeInvis .   a - +0 flail
rCold   . . .      Faith    .   c - +0 buckler
rNeg    + . .      Spirit   .   b - +0 scale mail
rPois   ∞          Reflect  .   (no helmet)
rElec   +          Harm     .   (no cloak)
rCorr   .          Rampage  .   (no gloves)
Will    .....                   (no boots)
Stlth   ..........              (no amulet)
HPRegen 0.04/turn               (no ring)
MPRegen 0.07/turn               (no ring)

@: no status effects
A: sickness immunity, AC +2, negative energy resistance 1, electricity
resistance, torment resistance 1, petrification resistance
a: no special abilities


You were on level 1 of the Dungeon.
You visited 1 branch of the dungeon, and saw 1 of its levels.

Inventory:

Hand Weapons
 a - a +0 flail (weapon)
Armour
 b - a +0 scale mail (worn)
 c - a +0 buckler (worn)
Potions
 d - a potion of might


   Skills:
 + Level 3.4 Fighting
 * Level 2.4 Maces & Flails
 - Level 3.2 Armour
 - Level 3.2 Shields


You couldn't memorise any spells.
You didn't know any spells.
Your spell library was empty.

Dungeon Overview and Level Annotations

Branches:
Dungeon (1/15)

Altars:


Innate Abilities, Weirdness & Mutations

You are immune to sickness and miasma.
Your stone body is resilient. (AC +2)
You are immune to poison.
You resist negative energy. (rN+)
You are resistant to electric shocks. (rElec)
You are resistant to unholy torment.
You are immune to petrification.


Message History

The ball python bites you.
* * * LOW HITPOINT WARNING * * *
The ball python constricts you.
You closely miss the ball python.
The ball python is severely wounded.
The ball python barely misses you. The ball python constricts you.
* * * LOW HITPOINT WARNING * * *
You sock the ball python!
You kill the ball python!
You block the jackal's attack.
The jackal bites you but does no damage.
An endoplasm comes into view.
A ball python comes into view.
The ball python hisses angrily.
A jackal comes into view.
The endoplasm hits you.
* * * LOW HITPOINT WARNING * * *
Things that are here:
a ball python corpse; a jackal corpse You block the jackal's attack.
The jackal closely misses you. You block the jackal's attack.
You are too injured to fight recklessly!
You are too injured to fight recklessly!
You are too injured to fight recklessly!
You hit the jackal.
The jackal is severely wounded.
The jackal bites you but does no damage.
The jackal barely misses you.
You sock the jackal!
You kill the jackal!
You barely miss the endoplasm. The endoplasm hits you.
* * * LOW HITPOINT WARNING * * *
You sock the endoplasm!
You kill the endoplasm!
The jackal closely misses you.
You hit the jackal.
The jackal is heavily wounded.
The jackal bites you.
You die...

P..♣.##.###...#
♣.♣♣†.......#
♣♣..##.###..# ♣....#.#
#..###
♣.PPP.♣♣...###....#
♣.♣..♣♣.........#.######
♣♣♣ #S###.#####'##^#o#
#h# #.####...##### #@#
#.##p#.>.....# #.#
#.####...###.# #.. #.#
##'##^#.. .♣.##.#
#.###### . .##.# #.# #^#
PP ## ..# ### P. ..## ♣♣
... ##.#


You could see a jackal and a ball python.

Vanquished Creatures
  A bat (D:1)
  An endoplasm (D:1)
  2 jackals (D:1)
  A ball python (D:1)
5 creatures vanquished.

Notes
Turn   | Place    | Note
-------+----------+-------------------------------------------
     0 | D:1      | Decritt the Gargoyle Fighter began the quest for the Orb.
     0 | D:1      | Reached XP level 1. HP: 14/14 MP: 1/1
     4 | D:1      | Noticed a ghoul
     4 | D:1      | Noticed a spriggan
     7 | D:1      | Noticed a naga
     8 | D:1      | Noticed a demonspawn
     9 | D:1      | Noticed a naga
    11 | D:1      | Noticed a ghoul
    11 | D:1      | Noticed an elf
    13 | D:1      | Noticed a tengu
    15 | D:1      | Noticed a dwarf
    15 | D:1      | Noticed a formicid
    17 | D:1      | Noticed a barachi
    21 | D:1      | Noticed a demigod
    78 | D:1      | Slain by a jackal

Illustrated notes

Levels and vault maps discovered:
D:1:      shiori_arrival_whats_in_store_for_you, layout_loops_ring,
          serial_forest, infiniplex_forest_lined_room_2,
          infiniplex_forest_clump_large, infiniplex_forest_lined_ring,
          infiniplex_forest_join, infiniplex_forest_corner_1,
          infiniplex_forest_3_way

Action                   || total
-------------------------++-------
Melee: Flail             ||    21
Armor: Scale mail        ||    14
Dodge: Dodged            ||    15
Block: Buckler           ||     4

Table legend: (Time is in decaauts)
 A = Elapsed time spent in this place.
 B = Non-inter-level travel time spent in this place.
 C = Inter-level travel time spent in this place.
 D = Time resting spent in this place.
 E = Time spent auto-exploring this place.
 F = Levels seen in this place.
 G = Mean time per level.
                   A        B        C        D        E       F      G
               +--------+--------+--------+--------+--------+-----+--------+
         Total |     84 |     84 |      0 |      0 |     43 |   1 |   84.0 |
       Dungeon |     84 |     84 |      0 |      0 |     43 |   1 |   84.0 |
               +--------+--------+--------+--------+--------+-----+--------+

Top non-repeatable levels by time:
     D:1: 84 daAuts
